 Dungeon Crawl Stone Soup version 0.23.2-11-gf996548c65 (webtiles) character file.

Game seed: 4012764894649161597

2108 Horrz the Cleaver (level 9, -3/81 HPs)
             Began as a Minotaur Abyssal Knight on May 24, 2019.
             Was an Elder of Lugonu.
             Slain by a redback (11 damage)
             ... summoned by a deep elf mage
             ... on level 7 of the Dungeon on June 4, 2019.
             The game lasted 00:24:08 (6427 turns).

Horrz the Cleaver (Minotaur Abyssal Knight)         Turns: 6427, Time: 00:24:09

Health: -3/81      AC: 12    Str: 20    XL:     9   Next: 7%
Magic:  9/9        EV:  6    Int:  9    God:    Lugonu [****..]
Gold:   285        SH:  4    Dex: 10    Spells: 8/8 levels left

rFire    . . .     SeeInvis .   k - +4 hand axe
rCold    . . .     Gourm    .   j - +0 buckler
rNeg     . . .     Faith    .   f - +0 plate armour
rPois    .         Spirit   .   (helmet restricted)
rElec    .         Reflect  .   (no cloak)
rCorr    .         Harm     .   (no gloves)
MR       .....                  (no boots)
Stlth    ..........             (no amulet)
HPRegen  0.23/turn              (no ring)
MPRegen  0.11/turn              (no ring)

@: drained
A: retaliatory headbutt, horns 2
a: Depart the Abyss, Bend Space, Banish, Corrupt, Renounce Religion


You were on level 7 of the Dungeon.
You worshipped Lugonu.
Lugonu was greatly pleased with you.
You were not hungry.

You visited 2 branches of the dungeon, and saw 8 of its levels.
You visited the Abyss 1 time.

You collected 285 gold pieces.

Inventory:

Hand Weapons
 a - a +1 hand axe
 k - a +4 hand axe (weapon)
 y - a +0 war axe
Armour
 b - a +0 leather armour
 f - a +0 plate armour (worn)
 j - a +0 buckler (worn)
 x - a +1 ring mail of cold resistance
Jewellery
 m - an uncursed ring of wizardry
 u - a cursed ring of teleportation
 w - a +4 amulet of reflection {unknown}
 C - an uncursed ring of stealth {unknown}
 D - an uncursed amulet of regeneration {unknown}
Wands
 l - a wand of acid (11)
Scrolls
 e - 7 scrolls of remove curse
 h - a scroll of amnesia {unknown}
 i - 3 scrolls of enchant armour {unknown}
 o - 5 scrolls of identify
 p - a scroll of fear {unknown}
 q - a scroll of blinking {unknown}
 s - a scroll of enchant weapon {unknown}
 t - 2 scrolls of magic mapping {unknown}
 v - a scroll of fog {unknown}
Potions
 d - a potion of lignification {unknown}
 g - 6 potions of agility {unknown}
 n - 2 potions of flight {unknown}
 r - 3 potions of heal wounds {unknown}
 z - a potion of cancellation {unknown}
 A - 2 potions of curing {unknown}
 B - a potion of brilliance {unknown}
Comestibles
 c - 12 rations


   Skills:
 + Level 7.8(6.7) Fighting
 * Level 9.8(8.7) Axes
 + Level 6.9(5.9) Armour
 + Level 1.9(1.0) Dodging
 + Level 4.3(3.4) Shields
 - Level 1.7(0.9) Invocations


You had 8 spell levels left.
You didn't know any spells.
Your spell library contained the following spells:

 Spells                   Type           Power        Failure   Level  Hunger
 Infusion                 Chrm           #...         100%        1    ##.....
 Shroud of Golubria       Chrm/Tloc      #.........   100%        2    ###....
 Song of Slaying          Chrm           #.......     100%        2    ###....
 Regeneration             Chrm/Necr      #.........   100%        3    ####...
 Spectral Weapon          Hex/Chrm       #.......     100%        3    ####...


Dungeon Overview and Level Annotations

Branches:
Dungeon (7/15)             Temple (1/1) D:6

Altars:
Ashenzari
Cheibriados
Dithmenos
Elyvilon
Fedhas
Hepliaklqana
Kikubaaqudgha
Makhleb
Nemelex Xobeh
Okawaru
Qazlal
Ru
Sif Muna
Trog
Uskayaw
Wu Jian
Xom
Yredelemnul
Zin
The Shining One
Beogh

Shops:
D:7 }

Annotations:
D:4 3 runed translucent doors, zuik's ghost, novice MfSk


Innate Abilities, Weirdness & Mutations

You reflexively headbutt those who attack you in melee.
You have a pair of horns on your head.


Message History

The deep elf mage hits you but does no damage.
The sun demon hits you!
You are engulfed in flames!
The deep elf mage points at you and mumbles some strange words.
The bolt of negative energy hits you!
You feel drained. The sun demon hits you.
You are engulfed in flames!
You closely miss the deep elf mage. You headbutt the deep elf mage.
The deep elf mage is heavily wounded.
You slash the sun demon!
The deep elf mage mumbles some strange words.
The sun demon hits you!
* * * LOW HITPOINT WARNING * * *
You are engulfed in flames!
* * * LOW HITPOINT WARNING * * *
Press: ? - help, Shift-Dir - straight line, f - deep elf mage
Aim: a deep elf mage, wielding a +0 rapier and wearing a +0 chain mail (heavily wounded, chance to defeat MR: 65%)
You fail to use your ability.
You block the deep elf mage's attack. The sun demon barely misses you.
You furiously retaliate!
You headbutt the sun demon, but do no damage.
The redback bites you!
You die...

#...#..............#
#...#.....#........# ##
#...#.....#.###.#### #.
####.........#.....# #.
#...............#### ##
#.###########..)# ###. #.#
+...'..#...# .... #.#
+...'s.#...# ..... #.#
+)..'3@#...# .....
##.#..#+++#se#...# ......
#..#..#...#.r#...##......
#..#..#...#..#............# #
#..#..#...#..#..#.#.......###
#..#..#...#..#...............
#..#..#...#..#.##....<......#
#..#..8...8..#....#.........#
#...............#.#.........#


You could see a sun demon, a deep elf mage, 2 redbacks and a hell rat.

Vanquished Creatures
  A spriggan (D:7)
  Menkaure (D:7)
  An ice beast (D:6)
  A sky beast (D:7)
  2 phantoms
  2 ogres
  2 big kobolds
  4 scorpions
  3 crimson imps
  4 bullfrog zombies
  A quasit (D:7)
  An orc priest (D:4)
  4 hounds
  A jelly (D:6)
  An orc wizard (D:4)
  5 worker ants
  A hound skeleton (D:4)
  Robin (D:2)
  4 gnolls
  13 adders
  4 shadow imps
  2 oozes (D:1)
  3 worms
  3 dart slugs
  4 leopard geckos
  7 orcs
  3 bats
  5 giant cockroaches
  24 goblins
  16 hobgoblins
  23 jackals
  5 quokkas
  5 ball pythons
  5 frilled lizards
  32 kobolds
  18 rats
212 creatures vanquished.

Vanquished Creatures (others)
  2 plants (D:5)
2 creatures vanquished.

Grand Total: 214 creatures vanquished

Notes
Turn   | Place    | Note
-------+----------+-------------------------------------------
     0 | Abyss:1  | Horrz the Minotaur Abyssal Knight began the quest for the
                  | Orb.
     0 | Abyss:1  | Reached XP level 1. HP: 19/19 MP: 1/1
     8 | Abyss:1  | Noticed an eye of draining
     8 | Abyss:1  | Noticed a large abomination
    26 | Abyss:1  | Noticed a red draconian
    35 | Abyss:1  | Noticed a rakshasa
    38 | D:1      | Escaped the Abyss
    49 | D:1      | Upgraded the game from 0.23.2-1-ga50397a6bc to
                  | 0.23.2-11-gf996548c65
    57 | D:1      | Reached * piety under Lugonu
   123 | D:1      | Reached XP level 2. HP: 15/27 MP: 2/2
   131 | D:1      | Reached skill level 3 in Axes
   508 | D:1      | Reached XP level 3. HP: 26/34 MP: 3/3
  1088 | D:1      | Reached skill level 4 in Axes
  1318 | D:2      | Reached XP level 4. HP: 39/41 MP: 4/4
  1590 | D:2      | Reached ** piety under Lugonu
  1637 | D:2      | Noticed Robin
  1649 | D:2      | Killed Robin
  1649 | D:2      | Reached skill level 1 in Shields
  1649 | D:2      | Reached XP level 5. HP: 40/47 MP: 5/5
  1985 | D:2      | Reached skill level 5 in Fighting
  1999 | D:2      | Reached skill level 5 in Axes
  2304 | D:3      | Reached *** piety under Lugonu
  2457 | D:3      | Found an ornate altar of the Wu Jian Council.
  2457 | D:3      | Found a glowing golden altar of the Shining One.
  2457 | D:3      | Found a bloodstained altar of Trog.
  2466 | D:3      | Reached XP level 6. HP: 55/56 MP: 6/6
  2467 | D:3      | Found a deep blue altar of Sif Muna.
  2541 | D:3      | Found a shattered altar of Ashenzari.
  2541 | D:3      | Found an iron altar of Okawaru.
  3133 | D:4      | Found a runed translucent gate.
  3133 | D:4      | Found a runed translucent gate.
  3134 | D:4      | Found a runed translucent gate.
  3136 | D:4      | Noticed zuik's ghost (novice MfSk)
  3152 | D:4      | Reached skill level 6 in Axes
  3357 | D:4      | Identified the +6 spear of Crusades {drain, rF+ rC- SInv}
  3359 | D:4      | Found a roughly hewn altar of Beogh.
  3391 | D:5      | Entered Level 5 of the Dungeon
  3479 | D:5      | Reached XP level 7. HP: 55/62 MP: 7/7
  3934 | D:5      | Reached **** piety under Lugonu
  3934 | D:5      | Reached skill level 7 in Axes
  3934 | D:5      | Reached skill level 5 in Armour
  3947 | D:5      | Found a sacrificial altar of Ru.
  4704 | D:6      | Reached XP level 8. HP: 68/71 MP: 8/8
  4774 | D:6      | Reached skill level 8 in Axes
  4855 | D:6      | Found a staircase to the Ecumenical Temple.
  4864 | Temple   | Entered the Ecumenical Temple
  5386 | D:6      | Noticed a moth of wrath
  5389 | D:6      | Found a bloodstained altar of Trog.
  5652 | D:7      | Reached skill level 9 in Axes
  6080 | D:7      | Reached XP level 9. HP: 74/80 MP: 9/9
  6091 | D:7      | Found Piaxinif's Gadget Emporium.
  6146 | D:7      | Noticed Menkaure
  6155 | D:7      | Killed Menkaure
  6414 | D:7      | Noticed a deep elf mage
  6423 | D:7      | Noticed a sun demon
  6427 | D:7      | Slain by a redback

Skill      XL: |  1  2  3  4  5  6  7  8 |
---------------+-------------------------+-----
Fighting       | 4 5 6 7 |  7.8
Axes           | 3 4 5 6 7 9 |  9.8
Armour         | 3 4 5 6 |  6.9
Shields        | 1 2 4 |  4.3
Dodging        | |  1.9
Invocations    | |  1.7

Action                   |  1- 3 |  4- 6 |  7- 9 || total
-------------------------+-------+-------+-------++-------
Melee: Hand axe          |    87 |   204 |   248 ||   539
       Headbutt          |    14 |    29 |    39 ||    82
Invok: Depart the Abyss  |     1 |       |       ||     1
  Use: Scroll            |       |       |     3 ||     3
  Eat: Chunk             |     1 |     7 |     8 ||    16
       Ration            |       |       |     1 ||     1
Armor: Leather armour    |    12 |       |       ||    12
       Plate armour      |    32 |   129 |   143 ||   304
Dodge: Dodged            |    37 |    41 |    61 ||   139
Block: Buckler           |       |    23 |    48 ||    71
